 Dungeon Crawl Stone Soup version 0.28.0-53-g5a82cb258f (webtiles) character file.

Game seed: 5806703032566606378

120 DildoBatman the Conjurer (level 5, 0/35 HPs)
             Began as a Formicid Conjurer on May 22, 2022.
             Succumbed to a scorpion's poison
             ... on level 3 of the Dungeon.
             The game lasted 00:05:15 (2268 turns).

DildoBatman the Conjurer (Formicid Conjurer)        Turns: 2268, Time: 00:05:16

Health: 0/35       AC:  3    Str: 12    XL:     5   Next: 25%
Magic:  0/8        EV: 12    Int: 17    God:
Gold:   129        SH:  0    Dex: 11    Spells: 5/8 levels left

rFire   . . .      SeeInvis +   f - +0 mace
rCold   . . .      Faith    .   (no shield)
rNeg    . . .      Spirit   .   a - +0 robe
rPois   .          Reflect  .   (helmet unavailable)
rElec   .          Harm     .   (no cloak)
rCorr   +          Rampage  .   (no gloves)
Will    .....                   b - +0 pair of boots
Stlth   ++........              (no amulet)
HPRegen 0.11/turn               p - ring of resist corrosion
MPRegen 0.11/turn               (no ring)

@: lethally poisoned (0 -> -4)
A: permanent stasis, dig shafts and tunnels, antennae 3, four strong arms
a: Dig, Shaft Self


You were on level 3 of the Dungeon.
You visited 1 branch of the dungeon, and saw 3 of its levels.

You collected 129 gold pieces.

Inventory:

Hand Weapons
 f - a +0 mace (weapon)
 i - a +0 longbow
Missiles
 c - 63 stones
 k - 68 bolts
 m - 4 poisoned darts
 q - 27 arrows
Armour
 a - a +0 robe (worn)
 b - a +0 pair of boots (worn)
Jewellery
 p - a ring of resist corrosion (left hand)
Scrolls
 d - 5 scrolls of identify {unknown}
 e - 2 scrolls of magic mapping {unknown}
 g - a scroll of brand weapon {unknown}
 h - 2 scrolls of noise {unknown}
Potions
 j - a potion of invisibility {unknown}
 l - a potion of brilliance {unknown}
 n - a potion of degeneration {unknown}
 o - 3 potions of mutation {unknown}
 r - a potion of berserk rage {unknown}
 s - a potion of curing {unknown}


   Skills:
 - Level 1.7 Dodging
 - Level 2.4 Stealth
 - Level 2.1 Spellcasting
 * Level 5.6 Conjurations


You had 5 spell levels left.
You knew the following spells:

 Your Spells              Type           Power      Damage    Failure   Level
a - Searing Ray           Conj           42%        2d6       2%          2
c - Magic Dart            Conj           84%        1d7       1%          1

Your spell library contained the following spells:

 Spells                   Type           Power      Damage    Failure   Level
 Dazzling Flash           Conj/Hex       22%        N/A       19%         3
 Fulminant Prism          Conj/Hex       5%         3d7       52%         4
 Iskenderun's Mystic Bla  Conj/Tloc      11%        2d4       52%         4


Dungeon Overview and Level Annotations

Branches:
Dungeon (3/15)

Altars:
Nemelex Xobeh

Annotations:
D:3 exclusion: scorpion


Innate Abilities, Weirdness & Mutations

You cannot be hasted, slowed, berserked, paralysed or teleported.
You can dig through walls and to a lower floor.
You have a pair of large antennae on your head. (SInv)
Your four strong arms can wield two-handed weapons with a shield.


Message History

The searing ray hits the scorpion.
The scorpion is almost dead.
You feel sick. The scorpion misses you. The hobgoblin hits you.
The scorpion misses you.
The searing ray hits the scorpion.
The scorpion is almost dead.
You finish channelling your searing ray.
You feel sick. The hobgoblin barely misses you. The scorpion misses you.
Casting: Searing Ray (safe; 2% risk of failure)
Confirm with . or Enter, or press ? or * to list all spells.
Aiming: Magic Dart (safe; 1% risk of failure)
Press: ? - help, Shift-Dir - straight line, f/p - scorpion
Aim: a scorpion (almost dead, 100% to hit)
The magic dart hits the scorpion but does no damage.
The scorpion is almost dead.
You feel sick. The hobgoblin closely misses you.
The scorpion closely misses you.
Casting: Magic Dart (safe; 1% risk of failure)
Confirm with . or Enter, or press ? or * to list all spells.
Aiming: Magic Dart (safe; 1% risk of failure)
Press: ? - help, Shift-Dir - straight line, f/p - scorpion
Aim: a scorpion (almost dead, 100% to hit)
The magic dart hits the scorpion but does no damage.
The scorpion is almost dead.
You feel sick. The hobgoblin completely misses you.
The scorpion barely misses you.
Casting: Magic Dart (safe; 1% risk of failure)
Confirm with . or Enter, or press ? or * to list all spells.
Aiming: Magic Dart (safe; 1% risk of failure)
Press: ? - help, Shift-Dir - straight line, f/p - scorpion
Aim: a scorpion (almost dead, 100% to hit)
The magic dart hits the scorpion but does no damage.
The scorpion is almost dead.
You die...

#.## #.# ... ###..
#..##
#.#.........# ###
##..#
#.#.........# #
##.# #)#.........#
#.# #)#.........#
#.###)#..........
#..##)#..........
###.##.##g........
#.........@.......
#.........s##.....
#..........# ...
#).........# .
#..........#
#..........#
#..........#
############


You could see a scorpion and a hobgoblin.

Vanquished Creatures
  2 adders (D:2)
  4 gnolls (D:3)
  2 worms (D:2)
  An orc (D:3)
  4 ball pythons
  5 endoplasms
  A giant cockroach (D:2)
  3 goblins
  2 hobgoblins
  4 jackals (D:3)
  9 kobolds
  3 quokkas
  4 bats
  4 frilled lizards (D:3)
  5 rats
53 creatures vanquished.

Notes
Turn   | Place    | Note
-------+----------+-------------------------------------------
     0 | D:1      | DildoBatman the Formicid Conjurer began the quest for the
                  | Orb.
     0 | D:1      | Reached XP level 1. HP: 13/13 MP: 3/3
   283 | D:1      | Found a faded altar of an unknown god.
   488 | D:1      | Reached skill level 4 in Conjurations
   488 | D:1      | Reached XP level 2. HP: 19/19 MP: 0/5
   491 | D:1      | Learned a level 2 spell: Searing Ray
  1129 | D:2      | Reached XP level 3. HP: 14/24 MP: 4/6
  1418 | D:2      | Reached XP level 4. HP: 21/30 MP: 1/7
  1753 | D:3      | Reached skill level 5 in Conjurations
  1914 | D:3      | Found a sparkling altar of Nemelex Xobeh.
  1981 | D:3      | Noticed a scorpion
  2202 | D:3      | Reached XP level 5. HP: 25/35 MP: 3/8
  2267 | D:3      | HP: 1/35 [poisoned by a scorpion]
  2268 | D:3      | Succumbed to a scorpion's poison

Illustrated notes

Levels and vault maps discovered:
D:1:      dpeg_arrival_three_same_balls, layout_loops_corners,
          shapermc_ecumenical_altar_venn, serial_park_tiny_2,
          minmay_door_square, minmay_misc_feat_nine_boxes, minivault_23,
          serial_bayou_pond_d
D:2:      layout_basic, grunt_decor_mini_mirrors
D:3:      minmay_skewed_foursquare, layout_rooms, amcnicky_altar_gilded

Skill      XL: |  1  2  3  4 |
---------------+-------------+-----
Conjurations   | 4 5 |  5.6
Dodging        | |  1.7
Stealth        | |  2.4
Spellcasting   | |  2.1

Action                   |  1- 3 |  4- 6 || total
-------------------------+-------+-------++-------
Melee: Mace              |    22 |    58 ||    80
       Punch             |       |     2 ||     2
 Cast: Magic Dart        |    23 |    13 ||    36
       Searing Ray       |     4 |     5 ||     9
 Stab: Sleeping          |       |     1 ||     1
Armor: Robe              |     6 |    19 ||    25
Dodge: Dodged            |    19 |    78 ||    97
